 Dungeon Crawl Stone Soup version 0.26-a0-846-gcc8f1ee719 (webtiles) character file.

Game seed: 13856078857029448246

65 miscthings the Skirmisher (level 4, 0/41 HPs)
             Began as a Hill Orc Transmuter on Nov 20, 2020.
             Slain by an iguana (14 damage)
             ... on level 4 of the Dungeon.
             The game lasted 00:03:52 (1779 turns).

miscthings the Skirmisher (Hill Orc Transmuter)     Turns: 1779, Time: 00:03:52

Health: 0/41       AC:  2    Str: 13    XL:     4   Next: 13%
Magic:  5/6        EV: 12    Int: 13    God:
Gold:   65         SH:  0    Dex: 11    Spells: 5/6 levels left

rFire    + . .     SeeInvis .   m - +2 hand axe (vamp)
rCold    . . .     Faith    .   (no shield)
rNeg     . . .     Spirit   .   a - +0 robe
rPois    +         Reflect  .   (helmet currently unavailable)
rElec    .         Harm     .   (no cloak)
rCorr    .         Rampage  .   (no gloves)
MR       .....                  (boots currently unavailable)
Stlth    +.........             l - amulet of regeneration
HPRegen  0.53/turn              b - ring of poison resistance
MPRegen  0.10/turn              h - ring of protection from fire

@: appendages (expiring)
A: horns 2, talons 2
a: End Transformation


You were on level 4 of the Dungeon.
You had grown temporary horns.
You had grown temporary talons.
You visited 1 branch of the dungeon, and saw 4 of its levels.

You collected 65 gold pieces.

Inventory:

Hand Weapons
 m - a +2 vampiric hand axe (weapon)
Missiles
 j - 3 poisoned darts (quivered)
Armour
 a - a +0 robe (worn)
Jewellery
 b - a ring of poison resistance (left hand)
 h - a ring of protection from fire (right hand)
 l - an amulet of regeneration (around neck)
Scrolls
 c - a scroll of enchant weapon {unknown}
 e - a scroll of blinking {unknown}
 f - 2 scrolls of fog {unknown}
 g - a scroll of remove curse {unknown}
 n - 3 scrolls of identify {unknown}
Potions
 d - a potion of resistance {unknown}
 i - a potion of brilliance {unknown}
 k - 2 potions of lignification {unknown}
 o - a potion of heal wounds
 p - a potion of cancellation {unknown}


   Skills:
 - Level 4.5 Fighting
 + Level 1.1 Axes
 - Level 1.5 Dodging
 - Level 3.2 Unarmed Combat
 - Level 1.5 Spellcasting
 - Level 1.3 Transmutations


You had 5 spell levels left.
You knew the following spells:

 Your Spells              Type           Power        Failure   Level
a - Beastly Appendage     Tmut           #.....       16%         1

Your spell library contained the following spells:

 Spells                   Type           Power        Failure   Level
 Wereblood                Tmut           #.......     22%         2
 Spider Form              Tmut/Pois      #.........   52%         3
 Ice Form                 Ice/Tmut       #.......     89%         4
 Blade Hands              Tmut           #.........   99%         5


Dungeon Overview and Level Annotations

Branches:
Dungeon (4/15)
 Temple: D:4-7

Altars:
The Shining One


Innate Abilities, Weirdness & Mutations

You have a pair of horns on your head.
You have razor-sharp toenails.


Message History

The iguana barely misses you.
You hit the iguana. You claw the iguana, but do no damage.
You headbutt the iguana.
The iguana is moderately wounded.
The iguana bites you!
You hit the iguana.
The iguana is heavily wounded.
The iguana closely misses you. The iguana bites you.
You hit the iguana. You claw the iguana, but do no damage.
The iguana is severely wounded.
The iguana bites you!
* * * LOW HITPOINT WARNING * * *
You hit the iguana but do no damage. Your kick misses the iguana.
The iguana is severely wounded.
Your transformation is almost over.
The iguana misses you.
You hit the iguana.
You feel better.
Your headbutt misses the iguana.
The iguana is almost dead.
The iguana bites you!
You die...

...........#
#..........#
#..........#
+..........#
#..........#
#..........#
#..........#
#......@...#
#......l...#
#.......:..#
+..........#
#......(...#
#........./#
###....(.!.#
#.)..(...#


You could see an iguana.

Vanquished Creatures
  A worm (D:3)
  A dart slug (D:1)
  2 leopard geckos
  6 orcs (D:3)
  3 bats
  A giant cockroach (D:2)
  4 hobgoblins
  5 jackals
  4 kobolds
  A quokka (D:3)
  9 frilled lizards
  8 goblins
  5 rats
50 creatures vanquished.

Notes
Turn   | Place    | Note
-------+----------+-------------------------------------------
     0 | D:1      | miscthings the Hill Orc Transmuter began the quest for the
                  | Orb.
     0 | D:1      | Reached XP level 1. HP: 16/16 MP: 3/3
    81 | D:1      | Reached skill level 2 in Fighting
    94 | D:1      | Reached XP level 2. HP: 22/25 MP: 2/4
   198 | D:1      | Reached skill level 3 in Fighting
   371 | D:1      | Reached XP level 3. HP: 16/31 MP: 3/5
   762 | D:2      | Found a glowing golden altar of the Shining One.
   811 | D:2      | Reached skill level 4 in Fighting
  1240 | D:3      | Reached XP level 4. HP: 37/41 MP: 6/6
  1415 | D:3      | Reached skill level 1 in Axes
  1779 | D:4      | Slain by an iguana

Illustrated notes

Levels and vault maps discovered:
D:1:      arrival_zaba_pyramid, layout_loops_ring, minmay_misc_feat_hallway,
          serial_bayou_pond_a, hangedman_abyss_or_decor_lesser_grid
D:2:      wander_river, layout_basic, tso_oasis_becter
D:3:      layout_basic
D:4:      layout_gridville, nicolae_overflow_crystal_walls

Skill      XL: |  1  2  3  4 |
---------------+-------------+-----
Fighting       | 2 3 4 |  4.5
Axes           | 1 |  1.1
Dodging        | |  1.5
Unarmed Combat | |  3.2
Spellcasting   | |  1.5
Transmutations | |  1.3

Action                   |  1- 3 |  4- 6 || total
-------------------------+-------+-------++-------
Melee: Unarmed           |   146 |       ||   146
       Headbutt          |     8 |     1 ||     9
       Kick              |    20 |     2 ||    22
       Punch             |     1 |       ||     1
       Hand axe          |     6 |    18 ||    24
Throw: Dart              |     5 |     4 ||     9
 Cast: Beastly Appendage |    17 |     1 ||    18
Armor: Robe              |    19 |       ||    19
Dodge: Dodged            |   102 |     8 ||   110

Table legend: (Time is in decaauts)
 A = Elapsed time spent in this place.
 B = Non-inter-level travel time spent in this place.
 C = Inter-level travel time spent in this place.
 D = Time resting spent in this place.
 E = Time spent auto-exploring this place.
 F = Levels seen in this place.
 G = Mean time per level.
                   A        B        C        D        E       F      G
               +--------+--------+--------+--------+--------+-----+--------+
         Total |   1774 |   1633 |    141 |     90 |   1083 |   4 |  443.5 |
       Dungeon |   1774 |   1633 |    141 |     90 |   1083 |   4 |  443.5 |
               +--------+--------+--------+--------+--------+-----+--------+

Top non-repeatable levels by time:
     D:3: 950 daAuts
     D:1: 697 daAuts
     D:2: 114 daAuts
     D:4: 11 daAuts
